 Dungeon Crawl Stone Soup version 0.32-a0-909-gc671339a80 (webtiles) character file.

Game seed: 15043923980499757641

85 Twinkles the Sneak (level 4, 0/30 HPs)
             Began as an Octopode Brigand on Apr 6, 2024.
             Was an Initiate of Okawaru.
             Frozen to death by an endoplasm (3 damage)
             ... on level 2 of the Dungeon.
             The game lasted 00:04:36 (1826 turns).

Twinkles the Sneak (Octopode Brigand)               Turns: 1826, Time: 00:04:37

Health: 0/30       AC:  1    Str: 12    XL:     4   Next: 48%
Magic:  4/4        EV: 12    Int: 13    God:    Okawaru [......]
Gold:   186        SH:  0    Dex: 13    Spells: 3/3 levels left

rFire   . . .        a - +2 dagger
rCold   . . .        (no shield)
rNeg    . . .        (helmet restricted)
rPois   .            (no amulet)
rElec   .            k - ring of see invisible
rCorr   .            (no ring)
SInv    +            (no ring)
Will    .....        (no ring)
Stlth   ++++         (no ring)
HPRegen 0.25/turn    (no ring)
MPRegen 0.09/turn    (no ring)
                     (no ring)

%: no passive effects
@: no status effects
A: almost no armour, amphibious, 8 rings, camouflage 1, gelatinous body 1,
(nimble swimmer 1), tentacles
a: Renounce Religion


You were on level 2 of the Dungeon.
You worshipped Okawaru.
Okawaru was noncommittal.
You visited 1 branch of the dungeon, and saw 3 of its levels.

You collected 186 gold pieces.

Inventory:

Hand Weapons
 a - a +2 dagger (weapon)
 g - a +1 dagger of holy wrath
 n - a +2 long sword of holy wrath
Missiles
 b - 8 poisoned darts (quivered)
 c - 9 curare-tipped darts
Jewellery
 j - a ring of ice
 k - a ring of see invisible (left tentacle)
Scrolls
 e - a scroll of vulnerability {unknown}
 f - a scroll of enchant weapon {unknown}
 h - a scroll of poison {unknown}
 m - a scroll of amnesia {unknown}
Potions
 l - a potion of degeneration {unknown}


   Skills:
 + Level 2.9 Fighting
 - Level 2.3 Short Blades
 - Level 2.3 Throwing
 + Level 2.2 Dodging
 + Level 6.1 Stealth


You had 3 spell levels left.
You didn't know any spells.
Your spell library contained the following spells:

 Spells                   Type           Power      Damage    Failure   Level
 Passwall                 Erth           0%         N/A       67%         3
 Volatile Blastmotes      Fire/Tloc      0%         2d10      67%         3
 Vhi's Electric Charge    Tloc/Air       0%         N/A       97%         4
 Bombard                  Conj/Erth      0%         9d1       100%        6
 Summon Ice Beast         Ice/Summ       Unusable   N/A       N/A         3
 Summon Mana Viper        Hex/Summ       Unusable   N/A       N/A         5
 Monstrous Menagerie      Summ           Unusable   N/A       N/A         7

Dungeon Overview and Level Annotations

Branches:
Dungeon (3/15) Zot: 16202

Altars:
Nemelex Xobeh
Okawaru
Trog

Annotations:
D:3 Grinder


Innate Abilities, Weirdness & Mutations

You cannot wear most types of armour.
You are amphibious.
You can wear up to eight rings at the same time.
Your skin changes colour to match your surroundings (Stealth+).
Your rubbery body absorbs attacks. (AC +1, EV +1)
((You are camouflaged when in or above water. (Stealth+)))
You have tentacles for arms and can constrict up to eight enemies at once.


Message History

The jackal bites you. x3; Terence hits you with a +0 mace.
The endoplasm freezes you.
You are frozen.
The jackal bites you.
There is a stone staircase leading down, spattered with blood here.
As you read the scroll labelled ZEWIEMEDUF, it crumbles to dust.
Your body is wracked with pain!
The endoplasm convulses!
The jackal convulses!
Terence convulses!
The jackal convulses!
It was a scroll of torment.
The jackal bites you.
* * * LOW HITPOINT WARNING * * *
Terence closely misses you. The jackal barely misses you.
The endoplasm misses you. The jackal misses you.
Okay, then.
Unknown command.
It was a potion of curing.
You feel better. The jackal closely misses you. Terence barely misses you.
The jackal barely misses you. The endoplasm freezes you.
You are frozen.
The jackal barely misses you.
You hit Terence but do no damage. You grab Terence.
Terence is heavily wounded.
You constrict Terence. The jackal misses you. Terence hits you with a +0 mace!
* * * LOW HITPOINT WARNING * * *
The endoplasm jiggles.
The endoplasm hits you but does no damage.
The jackal bites you but does no damage.
You hit Terence.
Terence is severely wounded.
You constrict Terence, but do no damage.
The jackal closely misses you. Terence misses you.
The jackal closely misses you.
The endoplasm hits you but does no damage.
The jackal closely misses you.
You hit Terence.
Terence is almost dead.
You constrict Terence.
You kill Terence!
Okawaru accepts your kill. The jackal barely misses you.
The endoplasm freezes you.
You are frozen.
You die...

..##.##.# ##.#...#
.........###.....#######
###..............).....#
.....#####..............
###.## #..#...........
.....# ##.>.#..........
..รท..####..#............
.....#....###..h).......
.......#### ##.h@J......
...<#.## ###........
....#.#### ##........
.^..#..<.## #.........
########..## #.........
#########.[## #.........
............# #.........
############# #.........
##........


You could see an endoplasm and 2 jackals.

Vanquished Creatures
  Terence (D:2)
  2 adders
  3 ribbon worms (D:3)
  6 orcs (D:3)
  4 bats
  3 endoplasms
  3 giant cockroaches
  5 goblins
  3 hobgoblins
  3 jackals (D:3)
  5 quokkas
  4 ball pythons
  5 frilled lizards
  6 rats
53 creatures vanquished.

Notes
Turn   | Place    | Note
-------+----------+-------------------------------------------
     0 | D:1      | Twinkles the Octopode Brigand began the quest for the Orb.
     0 | D:1      | Reached XP level 1. HP: 14/14 MP: 1/1
   135 | D:1      | Reached XP level 2. HP: 19/19 MP: 2/2
   576 | D:1      | Reached XP level 3. HP: 24/24 MP: 3/3
   927 | D:2      | Found an iron altar of Okawaru.
   936 | D:2      | Became a worshipper of Warmaster Okawaru
  1128 | D:2      | Noticed Terence
  1138 | D:3      | HP: 5/25 [jackal (3)]
  1139 | D:3      | HP: 2/25 [jackal (2)]
  1145 | D:3      | HP: 1/25 [adder (1)]
  1279 | D:3      | Reached XP level 4. HP: 30/30 MP: 4/4
  1289 | D:3      | Reached skill level 6 in Stealth
  1661 | D:3      | Found a sparkling altar of Nemelex Xobeh.
  1718 | D:3      | Found a bloodstained altar of Trog.
  1766 | D:3      | Noticed Grinder
  1796 | D:3      | Paralysed by Grinder for 3 turns
  1822 | D:2      | HP: 7/30 [jackal (3)]
  1824 | D:2      | HP: 2/30 [Terence/+0 mace (11)]
  1826 | D:2      | Killed Terence
  1826 | D:2      | Frozen to death by an endoplasm

Illustrated notes

Levels and vault maps discovered:
D:1:      orjb1_clovarrival, layout_basic
D:2:      layout_rooms, nicolae_ecumenical_oubliette, basic_altar,
          grunt_decor_cap, uniq_terence
D:3:      layout_loops_ring, amcnicky_altar_gilded,
          mainiacjoe_overflow_two_lobes, dk_noncrumbling_3, uniq_grinder

Skill      XL: |  1  2  3  4 |
---------------+-------------+-----
Dodging        | 2 |  2.2
Stealth        | 6 |  6.1
Fighting       | |  2.9
Short Blades   | |  2.3
Throwing       | |  2.3

Action                     |  1- 3 |  4- 6 || total
---------------------------+-------+-------++-------
  Melee: Dagger            |    58 |    26 ||    84
         Constrict         |    13 |     9 ||    22
         Tentacles         |    12 |     5 ||    17
  Throw: Dart              |     1 |     1 ||     2
    Use: Potion            |     2 |     1 ||     3
         Scroll            |       |     1 ||     1
   Stab: Sleeping          |     9 |     7 ||    16
 Armour: Skin              |    23 |    14 ||    37
  Dodge: Dodged            |    37 |    21 ||    58

Table legend: (Time is in decaauts)
 A = Elapsed time spent in this place.
 B = Non-inter-level travel time spent in this place.
 C = Inter-level travel time spent in this place.
 D = Time resting spent in this place.
 E = Time spent auto-exploring this place.
 F = Levels seen in this place.
 G = Mean time per level.
                   A        B        C        D        E       F      G
               +--------+--------+--------+--------+--------+-----+--------+
         Total |   1797 |   1710 |     87 |    113 |   1220 |   3 |  599.0 |
       Dungeon |   1797 |   1710 |     87 |    113 |   1220 |   3 |  599.0 |
               +--------+--------+--------+--------+--------+-----+--------+

Top non-repeatable levels by time:
     D:1: 800 daAuts
     D:3: 662 daAuts
     D:2: 334 daAuts
